 Dungeon Crawl Stone Soup version 0.16-a0-2932-g710f2c4 (webtiles) character file.

5487 Firebatgyro the Martial Artist (level 10, 0/80 HPs)
             Began as a Demonspawn Monk on Dec 2, 2014.
             Was a Priest of Okawaru.
             Shot with a bolt by an orc warrior (23 damage)
             ... in a bailey.
             The game lasted 00:21:13 (11290 turns).

Firebatgyro the Martial Artist (Demonspawn Monk)   Turns: 11290, Time: 00:21:13

Health: 0/80       AC: 15    Str: 14      XL:     10   Next: 42%
Magic:  19/19      EV:  7    Int: 12      God:    Okawaru [***...]
Gold:   537        SH:  0    Dex: 15 (16) Spells: 0 memorised, 9 levels left

rFire  + . .     SeeInvis +       - Unarmed
rCold  + . .     Clarity  .     p - +0 chain mail (curse)
rNeg   . . .     SustAb   .     (no shield)
rPois  .         Gourm    +     C - +0 helmet
rElec  .         Spirit   .     (no cloak)
rCorr  .         Warding  .     (no gloves)
rMut   .         Stasis   .     M - +3 pair of boots of Hysteria {rF+ rC+}
MR     .....                    d - amulet of the gourmand
Stlth  ..........               K - +1 ring of evasion
                                A - ring of see invisible

@: not resistant to hostile enchantments, extremely unstealthy
A: claws 2, talons 2, demonic guardian 1, powered by pain 3
a: Heroism, Renounce Religion


You were in a bailey.
You worshipped Okawaru.
Okawaru was most pleased with you.
You were hungry.

You visited 2 branches of the dungeon, and saw 11 of its levels.
You also visited: Bailey.

You collected 537 gold pieces.

Inventory:

Hand weapons
 u - a +1 blowgun
Missiles
 v - 8 poisoned needles
 y - 3 tomahawks (quivered)
 N - 6 poisoned tomahawks
Armour
 h - a +1 pair of gloves
 p - a cursed +0 chain mail (worn)
 C - a +0 helmet (worn)
 M - the +3 pair of boots of Hysteria (worn) {rF+ rC+}
   (You acquired it on level 8 of the Dungeon)

   It protects you from fire.
   It protects you from cold.
Jewellery
 d - an amulet of the gourmand (around neck)
 j - an uncursed ring of magical power
 s - an uncursed ring of ice
 A - a ring of see invisible (left claw)
 H - an uncursed ring of wizardry
 K - a +1 ring of evasion (right claw)
Magical devices
 l - a wand of cold (1)
 w - a wand of flame (16)
 z - a wand of fire (11)
 F - a wand of digging (8)
Scrolls
 c - 2 scrolls of enchant weapon
 f - 6 scrolls of identify
 r - 2 scrolls of fear
 t - 3 scrolls of teleportation
 x - a scroll of vulnerability {unknown}
 B - a scroll of enchant armour
 D - 2 scrolls of remove curse
 J - a scroll of amnesia
Potions
 e - a potion of resistance
 g - 2 potions of flight
 i - 4 potions of restore abilities
 k - 3 potions of curing
 n - a potion of brilliance
 I - 2 potions of might {unknown}
 P - a potion of heal wounds
Books
 G - a Fen Folio

   Spells                             Type                      Level
   a - Corpse Rot                     Necromancy                   2
   b - Stone Arrow                    Conjuration/Earth            3
   c - Leda's Liquefaction            Hexes/Earth                  4
   d - Summon Forest                  Summoning/Translocation      5
   e - Hydra Form                     Transmutation                6
   f - Summon Hydra                   Summoning                    7
 L - a book of Envenomations

   Spells                             Type                      Level
   a - Spider Form                    Transmutation/Poison         3
   b - Alistair's Intoxication        Transmutation/Poison         4
   c - Olgreb's Toxic Radiance        Poison                       4
   d - Poisonous Cloud                Conjuration/Poison/Air       6
Comestibles
 a - 3 beef jerkies
 b - 9 bread rations
 m - 8 fruits
 o - 7 meat rations
 q - a slice of pizza
 E - 10 royal jellies


   Skills:
 + Level 8.0 Fighting
 - Level 5.2 Armour
 - Level 2.6 Dodging
 - Level 1.7 Stealth
 + Level 11.1 Unarmed Combat
 + Level 5.9 Invocations


You had 9 spell levels left.
You didn't know any spells.

Dungeon Overview and Level Annotations

Branches:
Dungeon (10/15)            Temple (1/1) D:7
   Lair: D:8-11         Orc: D:9-12

Altars:
Ashenzari
Dithmenos
Fedhas
Gozag
Makhleb
Okawaru
Sif Muna
Trog
The Shining One

Shops:
D:5 (

Annotations:
D:2 Crazy Yiuf


Innate Abilities, Weirdness & Mutations

You have very sharp fingernails.
You have razor-sharp toenails.
A weak demonic guardian rushes to your aid.
You are powered by pain.


Message History

You shoot a poisoned needle.
The poisoned needle hits the orc warrior!
The orc warrior is poisoned.
The orc warrior shoots a bolt.
The bolt misses your quasit. The bolt barely misses you.
Your quasit barely misses the orc warrior.
Your quasit claws the orc warrior.
Your quasit claws the orc warrior but does no damage.
Your quasit bites the orc warrior but does no damage.
Your quasit misses the orc warrior.
Your quasit claws the orc warrior but does no damage.
There is an empty arch of ancient stone, spattered with blood here.
You see here 2 bolts.
Wield which item (- for none, * to show all)? (? for menu, Esc to quit)
You are now empty-clawed.
Your quasit barely misses the orc warrior.
Your quasit claws the orc warrior but does no damage.
Your quasit closely misses the orc warrior.
The orc warrior shoots a bolt.
The bolt hits you!!
You die...

#o##≈......#
≈#o#≈≈......#
≈≈≈≈≈≈≈......#
..............#
..............#
.....(........#
........5.(....#
........o(...(.#
........((..@.∩#
################


You could see an orc warrior and a friendly quasit.

Vanquished Creatures
  Grinder (D:3)
  7 yaks (D:9)
  A hungry ghost (D:6)
  2 soldier ants (D:9)
  3 ice beasts
  A phantom (D:7)
  3 ogres
  5 centaurs
  2 orc warriors
  2 big kobolds
  A crocodile (D:9)
  Sigmund (D:4)
  5 giant frogs
  A water moccasin zombie (D:8)
  7 killer bees
  A scorpion (D:7)
  5 orc priests
  A centaur zombie (D:3)
  3 crimson imps
  A giant frog zombie (D:5)
  A goliath beetle (D:6)
  A centaur skeleton (D:6)
  A gnoll shaman (D:10)
  3 hounds
  A jelly (D:8)
  6 orc wizards
  2 iguanas
  8 worker ants
  Ijyb (D:2)
  A hound skeleton (D:6)
  15 gnolls
  7 adders
  2 worms
  A giant mite (D:6)
  4 giant geckos
  2 oozes (D:1)
  28 orcs
  A bat skeleton (D:5)
  2 giant cockroaches (D:3)
  10 goblins
  12 hobgoblins
  A jackal (D:6)
  A ball python (D:2)
  14 bats
  A giant gecko zombie (D:4)
  12 giant newts
  A jackal skeleton (D:4)
  A jackal zombie (D:5)
  24 kobolds
  3 quokkas
  A quokka skeleton (D:4)
  15 rats
  6 ballistomycetes (D:7)
242 creatures vanquished.

Vanquished Creatures (collateral kills)
  A yak (D:9)
  2 ogres (D:6)
  An ice beast (D:8)
  A big kobold (D:8)
  A gnoll sergeant (D:9)
  A giant frog (D:7)
  A hound (D:7)
  A worker ant (D:6)
  4 gnolls
  2 orcs
  A bat skeleton (D:6)
  A hobgoblin (D:8)
  2 kobolds
19 creatures vanquished.

Vanquished Creatures (others)
  10 quasits
  5 crimson imps
  An orc priest (D:7)
  8 iron imps
  8 white imps
  10 ufetubi
  A giant spore (D:7)
  5 toadstools (D:1)
48 creatures vanquished.

Grand Total: 309 creatures vanquished

Notes
Turn   | Place    | Note
--------------------------------------------------------------
     0 | D:1      | Firebatgyro, the Demonspawn Monk, began the quest for the Orb.
     0 | D:1      | Reached XP level 1. HP: 18/18 MP: 1/1
   192 | D:1      | Reached skill level 4 in Unarmed Combat
   209 | D:1      | Gained mutation: You have sharp fingernails. [demonic ancestry]
   209 | D:1      | Reached XP level 2. HP: 17/24 MP: 2/2
   834 | D:2      | Noticed Ijyb
   888 | D:2      | Killed Ijyb
   888 | D:2      | Gained mutation: You sometimes gain a little power by taking damage. [demonic ancestry]
   888 | D:2      | Reached XP level 3. HP: 10/29 MP: 3/3
  1198 | D:2      | Reached skill level 5 in Unarmed Combat
  1343 | D:2      | Noticed Crazy Yiuf
  1403 | D:2      | Gained mutation: You have very sharp fingernails. [demonic ancestry]
  1403 | D:2      | Reached XP level 4. HP: 21/35 MP: 4/4
  1984 | D:3      | Noticed Grinder
  1989 | D:3      | Paralysed by Grinder for 6 turns
  2003 | D:3      | Killed Grinder
  2003 | D:3      | Reached skill level 6 in Unarmed Combat
  2003 | D:3      | Reached XP level 5. HP: 26/41 MP: 5/5
  2003 | D:3      | Gained mutation: A weak demonic guardian rushes to your aid. [demonic ancestry]
  2003 | D:3      | Reached XP level 6. HP: 29/47 MP: 6/6
  2725 | D:4      | Noticed Sigmund
  2735 | D:4      | Killed Sigmund
  2735 | D:4      | Reached skill level 7 in Unarmed Combat
  3230 | D:4      | Gained mutation: You have sharp toenails. [demonic ancestry]
  3230 | D:4      | Reached XP level 7. HP: 45/52 MP: 7/7
  3382 | D:4      | Reached skill level 8 in Unarmed Combat
  3618 | D:5      | Entered Level 5 of the Dungeon
  4010 | D:5      | Found Thruruj's Weapon Boutique.
  4870 | D:6      | Reached skill level 9 in Unarmed Combat
  4912 | D:6      | Reached skill level 1 in Armour
  4978 | D:6      | Gained mutation: You sometimes gain power by taking damage. [demonic ancestry]
  4978 | D:6      | Reached XP level 8. HP: 55/58 MP: 8/8
  6443 | D:7      | HP: 3/61 [centaur/arrow (1)]
  6877 | D:7      | Reached skill level 5 in Fighting
  7106 | D:7      | Found a staircase to the Ecumenical Temple.
  7116 | Temple   | Entered the Ecumenical Temple
  7129 | Temple   | Became a worshipper of Warmaster Okawaru
  7129 | Temple   | Acquired Okawaru's first power
  7181 | D:7      | Gained mutation: You have razor-sharp toenails. [demonic ancestry]
  7181 | D:7      | Reached XP level 9. HP: 47/68 MP: 9/9
  7919 | D:8      | Reached skill level 10 in Unarmed Combat
  8021 | D:8      | Identified a scroll of acquirement
  8022 | D:8      | Got a pair of ancient boots
  8033 | D:8      | Identified the +3 pair of boots of Hysteria {rF+ rC+} (You acquired it on level 8 of the Dungeon)
  8213 | D:8      | Reached skill level 5 in Armour
  8419 | D:8      | Found a glowing golden altar of the Shining One.
  8820 | D:9      | Reached skill level 1 in Invocations
  8932 | D:9      | Received a gift from Okawaru
  9472 | D:9      | Gained mutation: You are powered by pain. [demonic ancestry]
  9472 | D:9      | Reached XP level 10. HP: 30/79 MP: 13/16
 10272 | D:9      | Reached skill level 5 in Invocations
 10275 | D:9      | Reached skill level 11 in Unarmed Combat
 10278 | D:9      | HP: 3/80 [yak (8)]
 10780 | D:10     | Entered Level 10 of the Dungeon
 11090 | D:10     | Found a flagged portal.
 11113 | Bailey   | Entered a bailey
 11290 | Bailey   | Shot with a bolt by an orc warrior

Action                   |  1- 3 |  4- 6 |  7- 9 | 10-12 || total
-------------------------+-------+-------+-------+-------++-------
Melee: Unarmed           |   153 |   119 |   487 |   109 ||   868
 Fire: Blowgun           |       |       |     9 |    15 ||    24
Invok: Heroism           |       |       |     1 |     2 ||     3
Evoke: Wand              |       |     1 |     2 |     1 ||     4
  Use: Scroll            |     4 |     3 |     9 |     1 ||    17
       Potion            |       |       |     9 |     1 ||    10
 Stab: Distracted        |       |       |     2 |     1 ||     3
  Eat: Chunk             |     1 |     6 |    21 |     2 ||    30
       Beef jerky        |       |       |       |     2 ||     2
